Kings vs Devils

Created - Monday, February 15, 2016 at 01:59

Goals
1 2 3 T
Kings 1 2 1 4
Devils 4 3 1 8
Shots
1 2 3 T
Kings 6 13 11 30
Devils 18 8 11 37

1st period

1. Devils , Matt Greene 1 (Jason Akeson) at 5:26
2. Devils , Paul Stastny 36 (Drew Stafford) at 7:57
3. Devils , Scottie Upshall 20 (Sergei Gonchar) at 9:28 (PP)
4. Devils , Scottie Upshall 21 (Brad Hunt, Zach Boychuk) at 14:02 (PP)
5. Kings , Milan Lucic 18 (Duncan Keith, Brenden Morrow) at 15:59

Penalties :
Joe Morrow (LA ) for Holding (Minor) at 8:14, Duncan Keith (LA ) for Hooking (Minor) at 13:51

2nd period

6. Devils , Brad Hunt 6 (Scottie Upshall, Ales Hemsky) at 2:34 (PP)
7. Kings , Jori Lehtera 5 (Evgeny Kuznetsov, Shawn Horcoff) at 9:45
8. Devils , Matt Cullen 17 (Scottie Upshall, Ales Hemsky) at 11:09
9. Devils , Jason Akeson 4 (Andrew Miller, Matt Irwin) at 11:27
10. Kings , Mika Zibanejad 19 (Joe Morrow, Cam Fowler) at 18:06

Penalties :
Tyler Seguin (LA ) for Hooking (Minor) at 2:24, Milan Lucic (LA ) for Tripping (Minor) at 3:17, Mika Zibanejad (LA ) for Interference (Minor) at 11:30

3rd period

11. Devils , Matt Irwin 4 (Brendan Shinnimin) at 1:49
12. Kings , Milan Lucic 19 (Carl Soderberg, Duncan Keith) at 3:49 (SH)

Penalties :
Eric Brewer (LA ) for Cross-checking (Minor) at 2:17, Chris Wideman (NJD) for Hooking (Minor) at 9:24

Goalie Stats

Reto Berra (LA ), 13 saves from 17 shots - (0.765), L, 2-6-1, 27:47 minutes
Sergei Bobrovsky (LA ), 16 saves from 20 shots - (0.800), 32:13 minutes
Thomas Greiss (NJD), 26 saves from 30 shots - (0.867), W, 4-4-0, 60:00 minutes

Players Stats for Kings

Player Name              G  A  P  +/- PIM S  H  SB GA TA FO     MP     PP MP  PK MP  
------------------------------------------------------------------------------------
Braydon Coburn           0  0  0   2  0   0  1  1  0  1  0/0    15:30   0:00   0:25 
Brenden Morrow           0  1  1   0  0   0  0  1  0  0  0/0    17:21   0:47   1:13 
Cam Fowler               0  1  1  -2  0   3  1  1  1  1  0/0    22:14   0:50   3:36 
Carl Soderberg           0  1  1   0  0   1  1  0  1  0  1/1    16:22   1:12   0:54 
David Clarkson           0  0  0   0  0   2  2  0  3  0  4/13   14:49   0:00   0:00 
Duncan Keith             0  2  2  -1  2   4  0  2  1  2  0/0    28:19   1:09   5:30 
Eric Brewer              0  0  0   1  2   2  1  0  0  0  0/0    20:53   1:09   3:42 
Evgeny Kuznetsov         0  1  1   0  0   0  0  1  0  0  1/2    16:45   0:47   1:38 
Joe Morrow               0  1  1  -1  2   3  1  1  1  0  0/0    13:33   0:00   0:00 
Jori Lehtera             1  0  1   0  0   1  3  0  1  0  0/0    13:55   0:00   0:00 
Martin Erat              0  0  0  -1  0   0  0  0  0  0  0/1     7:20   0:00   0:00 
Mika Zibanejad           1  0  1  -1  2   5  1  1  4  0  0/1    20:41   1:12   4:39 
Milan Lucic              2  0  2   1  2   5  3  0  3  0  0/0    17:09   0:47   0:26 
Nick Bjugstad            0  0  0   0  0   1  0  1  0  0  1/2     9:56   0:50   0:16 
Seth Jones               0  0  0   0  0   0  0  0  0  0  0/0     0:00   0:00   0:00 
Shawn Horcoff            0  1  1   0  0   0  0  0  2  0  4/11   13:55   0:00   0:00 
Stefan Elliott           0  0  0  -1  0   0  2  2  0  1  0/0    19:27   0:50   1:51 
Tyler Seguin             0  0  0  -3  2   3  1  0  2  1  13/26  24:03   0:22   5:58 

Players Stats for Devils

Player Name              G  A  P  +/- PIM S  H  SB GA TA FO     MP     PP MP  PK MP  
------------------------------------------------------------------------------------
Ales Hemsky              0  2  2   0  0   2  0  0  3  0  1/1    20:29   5:37   0:41 
Andrew Miller            0  1  1   1  0   2  1  0  2  0  7/11   10:41   0:00   0:00 
Brad Hunt                1  1  2  -1  0   2  0  4  0  0  0/0    23:55   5:37   1:18 
Brendan Shinnimin        0  1  1  -1  0   1  2  3  1  1  4/6     9:57   0:00   0:00 
Chris Bourque            0  0  0  -1  0   1  1  0  1  0  0/0     9:57   0:00   0:00 
Chris Wideman            0  0  0   1  2   1  3  0  0  1  0/0    24:58   1:55   0:00 
David Warsofsky          0  0  0   1  0   0  0  0  0  2  0/0     9:20   0:00   0:00 
Drew Stafford            0  1  1   1  0   1  3  0  1  0  1/1    21:31   3:45   0:41 
Jason Akeson             1  1  2   1  0   4  0  0  0  1  0/0    11:01   0:00   0:00 
Matt Cullen              1  0  1   0  0   2  0  0  0  1  8/16   18:31   3:47   1:18 
Matt Greene              1  0  1   1  0   2  0  2  0  0  0/0     3:53   0:00   0:00 
Matt Irwin               1  1  2   3  0   4  0  0  2  1  0/0    25:09   0:00   1:18 
Paul Stastny             1  0  1   1  0   6  0  0  4  1  10/18  19:39   3:45   0:00 
Scottie Upshall          2  2  4   0  0   4  3  1  1  1  0/1    18:31   3:47   1:18 
Sergei Gonchar           0  1  1  -2  0   2  2  1  0  0  0/0    22:28   1:55   0:41 
Tyler Johnson            0  0  0   1  0   0  0  1  2  1  1/1    22:13   3:45   0:41 
Zach Boychuk             0  1  1   0  0   1  0  1  0  0  0/0    15:40   3:47   0:00 
Zach Budish              0  0  0  -1  0   2  0  1  0  1  1/2     9:57   0:00   0:00 

3 Stars

1 - Scottie Upshall (NJD)
2 - Matt Irwin (NJD)
3 - Milan Lucic (LA )

Power Play

Kings - 0 on 1 Attempt(s) - 0.00%
Devils - 3 on 6 Attempt(s) - 50.00%

Penalty Kill

Kings - 3 on 6 Attempt(s) - 50.00% - Score 1 goal in Penalty Kill
Devils - 1 on 1 Attempt(s) - 100.00% - Score 0 goal in Penalty Kill

Team Stat

Kings - Hits : 17 - Faceoff Wins : 24 - Blocked Shots : 11 - Penalty Minutes : 12
Devils - Hits : 15 - Faceoff Wins : 33 - Blocked Shots : 14 - Penalty Minutes : 2

Official

Referees : Unknown
Linesman : Unknown

Game Notes

Matt Greene is injured at 7:37 of 1st period (Broken Bone (Right Ankle))
Reto Berra enters game at 14:02 of 1st period
David Warsofsky is injured at 18:50 of 2nd period (Left Leg)
Sergei Bobrovsky enters game at 1:49 of 3rd period

Finance

Level 1 -- Attendance: 5580 (93.00%) -- Ticket Income $418,500
Level 2 -- Attendance: 3274 (65.48%) -- Ticket Income $196,440
Level 3 -- Attendance: 1448 (72.40%) -- Ticket Income $50,680
Level 4 -- Attendance: 2358 (58.95%) -- Ticket Income $58,950
Luxury Box -- Attendance: 959 (95.90%) -- Ticket Income $153,440
Game was played at the Continental Airlines Arena.
Total Attendance: 13619 (75.66%)
Total Ticket Income: $878,010
Other Income: $430,225
Total Income: $1,308,235

Kings

5 vs 5 Forward 
   Center                   Left Wing                Right Wing               Time % Phy DF OF 
 1 Tyler Seguin             Mika Zibanejad           Carl Soderberg           35     1   2  2  
 2 David Clarkson           Milan Lucic              Brenden Morrow           30     1   2  2  
 3 Shawn Horcoff            Evgeny Kuznetsov         Jori Lehtera             22     1   2  2  
 4 Tyler Seguin             Nick Bjugstad            Martin Erat              13     1   2  2  

5 vs 5 Defense 
   Defense                  Defense                                           Time % Phy DF OF 
 1 Duncan Keith             Stefan Elliott                                    35     1   2  2  
 2 Cam Fowler               Joe Morrow                                        30     1   2  2  
 3 Eric Brewer              Braydon Coburn                                    22     1   2  2  
 4 Duncan Keith             Cam Fowler                                        13     1   2  2  

PowerPlay Forward 
   Center                   Left Wing                Right Wing               Time % Phy DF OF 
 1 Tyler Seguin             Mika Zibanejad           Carl Soderberg           60     1   2  2  
 2 Evgeny Kuznetsov         Milan Lucic              Brenden Morrow           40     1   2  2  

PowerPlay Defense
   Defense                  Defense                                           Time % Phy DF OF 
 1 Duncan Keith             Eric Brewer                                       60     1   2  2  
 2 Cam Fowler               Stefan Elliott                                    40     1   2  2  

Penalty Kill 4 Players Forward 
   Center                   Wing                     Time % Phy DF OF 
 1 Tyler Seguin             Mika Zibanejad           60     1   2  2  
 2 Milan Lucic              Carl Soderberg           40     1   2  2  

Penalty Kill 4 Players Defense
   Defense                  Defense                  Time % Phy DF OF 
 1 Duncan Keith             Eric Brewer              60     1   2  2  
 2 Cam Fowler               Stefan Elliott           40     1   2  2  

Penalty Kill - 3 Players Forward 
   Forward                                           Time % Phy DF OF 
 1 Tyler Seguin                                      60     1   2  2  
 2 Mika Zibanejad                                    40     1   2  2  

Penalty Kill - 3 Players Defense
   Defense                  Defense                  Time % Phy DF OF 
 1 Duncan Keith             Eric Brewer              60     1   2  2  
 2 Cam Fowler               Stefan Elliott           40     1   2  2  

4 vs 4 Forward 
   Center                   Wing                     Time % Phy DF OF 
 1 Tyler Seguin             Mika Zibanejad           60     1   2  2  
 2 Milan Lucic              Carl Soderberg           40     1   2  2  

4 vs 4 Defense
   Defense                  Defense                  Time % Phy DF OF 
 1 Duncan Keith             Stefan Elliott           60     1   2  2  
 2 Cam Fowler               Eric Brewer              40     1   2  2  

Last Minutes Offensive
   Center                   Left Wing                Right Wing               Defense                  Defense                  
   Tyler Seguin             Mika Zibanejad           Carl Soderberg           Duncan Keith             Stefan Elliott           

Last Minutes Defensive
   Center                   Left Wing                Right Wing               Defense                  Defense                  
   Tyler Seguin             Mika Zibanejad           Carl Soderberg           Duncan Keith             Stefan Elliott           

Goaltenders
Starting : Sergei Bobrovsky         
Backup : Reto Berra               

Extra Forwards
Normal : Tyler Seguin, Mika Zibanejad, Evgeny Kuznetsov - PP : Mika Zibanejad, Tyler Seguin - PK : Evgeny Kuznetsov
Extra Defensemen
Normal : Eric Brewer, Duncan Keith, Cam Fowler - PP : Eric Brewer - PK : Duncan Keith, Cam Fowler
Penalty Shots
Tyler Seguin, Mika Zibanejad, Milan Lucic, Carl Soderberg, Brenden Morrow

Devils

5 vs 5 Forward 
   Center                   Left Wing                Right Wing               Time % Phy DF OF 
 1 Paul Stastny             Tyler Johnson            Drew Stafford            38     0   0  5  
 2 Matt Cullen              Scottie Upshall          Ales Hemsky              30     1   2  2  
 3 Andrew Miller            Zach Boychuk             Jason Akeson             22     1   2  2  
 4 Brendan Shinnimin        Chris Bourque            Zach Budish              10     1   2  2  

5 vs 5 Defense 
   Defense                  Defense                                           Time % Phy DF OF 
 1 Matt Greene              Chris Wideman                                     35     1   2  2  
 2 Matt Irwin               David Warsofsky                                   34     1   2  2  
 3 Brad Hunt                Sergei Gonchar                                    30     1   2  2  
 4 Chris Wideman            Sergei Gonchar                                    1      1   2  2  

PowerPlay Forward 
   Center                   Left Wing                Right Wing               Time % Phy DF OF 
 1 Paul Stastny             Tyler Johnson            Drew Stafford            60     0   0  5  
 2 Matt Cullen              Zach Boychuk             Scottie Upshall          40     0   0  5  

PowerPlay Defense
   Defense                  Defense                                           Time % Phy DF OF 
 1 Ales Hemsky              Brad Hunt                                         60     0   0  5  
 2 Chris Wideman            Sergei Gonchar                                    40     0   0  5  

Penalty Kill 4 Players Forward 
   Center                   Wing                     Time % Phy DF OF 
 1 Matt Cullen              Scottie Upshall          60     0   5  0  
 2 Brendan Shinnimin        Ales Hemsky              40     0   5  0  

Penalty Kill 4 Players Defense
   Defense                  Defense                  Time % Phy DF OF 
 1 Matt Greene              Brad Hunt                60     0   5  0  
 2 Matt Irwin               David Warsofsky          40     0   5  0  

Penalty Kill - 3 Players Forward 
   Forward                                           Time % Phy DF OF 
 1 Matt Cullen                                       60     0   5  0  
 2 Brendan Shinnimin                                 40     0   5  0  

Penalty Kill - 3 Players Defense
   Defense                  Defense                  Time % Phy DF OF 
 1 Matt Greene              Brad Hunt                60     0   5  0  
 2 Matt Irwin               David Warsofsky          40     0   5  0  

4 vs 4 Forward 
   Center                   Wing                     Time % Phy DF OF 
 1 Paul Stastny             Tyler Johnson            60     0   0  5  
 2 Brendan Shinnimin        Matt Cullen              40     1   3  1  

4 vs 4 Defense
   Defense                  Defense                  Time % Phy DF OF 
 1 Matt Greene              Brad Hunt                60     0   0  5  
 2 Matt Irwin               Sergei Gonchar           40     1   3  1  

Last Minutes Offensive
   Center                   Left Wing                Right Wing               Defense                  Defense                  
   Paul Stastny             Tyler Johnson            Drew Stafford            Sergei Gonchar           Chris Wideman            

Last Minutes Defensive
   Center                   Left Wing                Right Wing               Defense                  Defense                  
   Paul Stastny             Matt Cullen              Scottie Upshall          Matt Greene              Matt Irwin               

Goaltenders
Starting : Thomas Greiss            
Backup : Devan Dubnyk             

Extra Forwards
Normal : Tyler Johnson, Scottie Upshall, Zach Boychuk - PP : Zach Boychuk, Jason Akeson - PK : Ales Hemsky
Extra Defensemen
Normal : Chris Wideman, Matt Greene, Matt Irwin - PP : Matt Irwin - PK : Chris Wideman, David Warsofsky
Penalty Shots
Matt Cullen, Drew Stafford, Ales Hemsky, Tyler Johnson, Andrew Miller

% Time on Ice - Kings

Lines # - Real PCT - Wanted PCT - Time Play
Normal Forward
1 - 27% - 35% - 13:24
2 - 31% - 30% - 15:49
3 - 28% - 22% - 13:56
4 - 15% - 13% - 7:20
Normal Defense
1 - 35% - 35% - 17:37
2 - 27% - 30% - 13:41
3 - 30% - 22% - 15:06
4 - 8% - 13% - 4:05
PP Forward
1 - 61% - 60% - 1:12
2 - 39% - 40% - 0:47
PP Defense
1 - 58% - 60% - 1:09
2 - 42% - 40% - 0:50
PK Forward
1 - 88% - 60% - 6:38
2 - 12% - 40% - 0:54
PK Defense
1 - 75% - 60% - 5:41
2 - 25% - 40% - 1:51
PK3 Forward
1 - 0% - 60%
2 - 0% - 40%
PK3 Defense
1 - 0% - 60%
2 - 0% - 40%
44 Forward
1 - 0% - 60%
2 - 0% - 40%
44 Defense
1 - 0% - 60%
2 - 0% - 40%
Last Minute Offensive  - 0:00
Last Minute Defensive  - 0:00
Total
Forward - 60:00
Defense - 60:00

% Time on Ice - Devils

Lines # - Real PCT - Wanted PCT - Time Play
Normal Forward
1 - 32% - 38% - 16:23
2 - 27% - 30% - 13:27
3 - 21% - 22% - 10:42
4 - 20% - 10% - 9:57
Normal Defense
1 - 40% - 35% - 20:15
2 - 32% - 34% - 16:19
3 - 25% - 30% - 12:46
4 - 2% - 1% - 1:09
PP Forward
1 - 50% - 60% - 3:45
2 - 50% - 40% - 3:47
PP Defense
1 - 75% - 60% - 5:37
2 - 25% - 40% - 1:55
PK Forward
1 - 100% - 60% - 1:59
2 - 0% - 40% - 0:00
PK Defense
1 - 100% - 60% - 1:59
2 - 0% - 40% - 0:00
PK3 Forward
1 - 0% - 60%
2 - 0% - 40%
PK3 Defense
1 - 0% - 60%
2 - 0% - 40%
44 Forward
1 - 0% - 60%
2 - 0% - 40%
44 Defense
1 - 0% - 60%
2 - 0% - 40%
Last Minute Offensive  - 0:00
Last Minute Defensive  - 0:00
Total
Forward - 60:00
Defense - 60:00

Play by Play

1st period


0:01 of 1st period - Paul Stastny wins face-off versus Tyler Seguin in neutral zone.
0:52 of 1st period - Chris Wideman is hit by David Clarkson and loses puck.
1:21 of 1st period - Wrist shot by Scottie Upshall.
1:21 of 1st period - Stopped by Sergei Bobrovsky with a rebound.
1:41 of 1st period - Slapshot by Zach Boychuk.
1:41 of 1st period - Stopped by Sergei Bobrovsky without a rebound.
1:42 of 1st period - Andrew Miller wins face-off versus Shawn Horcoff in Kings zone.
2:33 of 1st period - Cam Fowler is hit by Andrew Miller and loses puck.
2:44 of 1st period - Brendan Shinnimin is hit by Cam Fowler and loses puck.
2:57 of 1st period - Snap shot by Matt Irwin.
2:57 of 1st period - Stopped by Sergei Bobrovsky without a rebound.
2:58 of 1st period - Brendan Shinnimin wins face-off versus Tyler Seguin in Kings zone.
2:59 of 1st period - Slapshot by Matt Irwin.
2:59 of 1st period - Deflect By Chris Bourque.
2:59 of 1st period - Shot Misses the Net.
2:59 of 1st period - Puck is out of play.
3:00 of 1st period - Tyler Seguin wins face-off versus Paul Stastny in Kings zone.
3:27 of 1st period - Snap shot by Paul Stastny.
3:27 of 1st period - Stopped by Sergei Bobrovsky with a rebound.
4:43 of 1st period - Duncan Keith is hit by Sergei Gonchar and loses puck.
4:56 of 1st period - Backhand shot by Evgeny Kuznetsov.
4:56 of 1st period - Deflect By Jori Lehtera.
4:56 of 1st period - Shot Misses the Net.
4:56 of 1st period - Puck is out of play.
4:57 of 1st period - Tyler Seguin wins face-off versus Andrew Miller in Devils zone.
5:22 of 1st period - Snap shot by Jason Akeson.
5:22 of 1st period - Stopped by Sergei Bobrovsky with a rebound.
5:24 of 1st period - Slapshot by Matt Greene.
5:24 of 1st period - Stopped by Sergei Bobrovsky with a rebound.
5:26 of 1st period - Slapshot by Matt Greene.
5:26 of 1st period - Goal by Matt Greene - Kings : 0 - Devils : 1.
5:27 of 1st period - Drew Stafford wins face-off versus Shawn Horcoff in neutral zone.
5:49 of 1st period - Wrist shot by Evgeny Kuznetsov.
5:49 of 1st period - Shot Blocked by Matt Greene.
6:27 of 1st period - Brenden Morrow is hit by Scottie Upshall and loses puck.
6:38 of 1st period - Icing by Matt Greene.
6:39 of 1st period - Tyler Seguin wins face-off versus Matt Cullen in Devils zone.
7:35 of 1st period - Wrist shot by Brenden Morrow.
7:35 of 1st period - Shot Misses the Net.
7:37 of 1st period - Snap shot by Brenden Morrow.
7:37 of 1st period - Shot Blocked by Matt Greene.
7:37 of 1st period - Matt Greene from Devils is injured at 7:37 of 1st period (Broken Bone (Right Ankle)).
7:38 of 1st period - Paul Stastny wins face-off versus Tyler Seguin in Devils zone.
7:55 of 1st period - Wrist shot by Drew Stafford.
7:55 of 1st period - Shot Blocked by Mika Zibanejad.
7:57 of 1st period - Slapshot by Paul Stastny.
7:57 of 1st period - Goal by Paul Stastny - Kings : 0 - Devils : 2.
7:58 of 1st period - Tyler Seguin wins face-off versus Paul Stastny in neutral zone.
8:14 of 1st period - Minor Penalty to Joe Morrow for Holding.
8:15 of 1st period - Paul Stastny wins face-off versus Tyler Seguin in Kings zone.
9:05 of 1st period - Eric Brewer is hit by Scottie Upshall.
9:19 of 1st period - Tyler Seguin is hit by Scottie Upshall and loses puck.
9:24 of 1st period - Slapshot by Sergei Gonchar.
9:24 of 1st period - Shot Blocked by Duncan Keith.
9:26 of 1st period - Slapshot by Sergei Gonchar.
9:26 of 1st period - Shot Misses the Net.
9:28 of 1st period - Snap shot by Scottie Upshall.
9:28 of 1st period - Goal by Scottie Upshall - Kings : 0 - Devils : 3.
9:29 of 1st period - Brendan Shinnimin wins face-off versus David Clarkson in neutral zone.
9:39 of 1st period - Off-side.
9:40 of 1st period - David Clarkson wins face-off versus Brendan Shinnimin in neutral zone.
10:01 of 1st period - Off-side.
10:02 of 1st period - Paul Stastny wins face-off versus Shawn Horcoff in neutral zone.
10:13 of 1st period - Duncan Keith is hit by Drew Stafford and loses puck.
10:51 of 1st period - Off-side.
10:52 of 1st period - Tyler Seguin wins face-off versus Andrew Miller in neutral zone.
11:11 of 1st period - Wrist shot by Mika Zibanejad.
11:11 of 1st period - Stopped by Thomas Greiss with a rebound.
12:37 of 1st period - Slapshot by Sergei Gonchar.
12:37 of 1st period - Shot Misses the Net.
12:39 of 1st period - Wrist shot by Zach Budish.
12:39 of 1st period - Shot Misses the Net.
12:41 of 1st period - Slapshot by Sergei Gonchar.
12:41 of 1st period - Shot Blocked by Brenden Morrow.
12:43 of 1st period - Wrist shot by Zach Budish.
12:43 of 1st period - Stopped by Sergei Bobrovsky with a rebound.
12:45 of 1st period - Slapshot by Brendan Shinnimin.
12:45 of 1st period - Shot Blocked by Joe Morrow.
12:47 of 1st period - Snap shot by Sergei Gonchar.
12:47 of 1st period - Shot Misses the Net.
12:49 of 1st period - Slapshot by Zach Budish.
12:49 of 1st period - Shot Misses the Net.
13:13 of 1st period - Slapshot by Shawn Horcoff.
13:13 of 1st period - Shot Misses the Net.
13:51 of 1st period - Minor Penalty to Duncan Keith for Hooking.
13:52 of 1st period - Tyler Seguin wins face-off versus Matt Cullen in Kings zone.
14:00 of 1st period - Slapshot by Brad Hunt.
14:00 of 1st period - Shot Blocked by Braydon Coburn.
14:02 of 1st period - Wrist shot by Scottie Upshall.
14:02 of 1st period - Goal by Scottie Upshall - Kings : 0 - Devils : 4.
14:02 of 1st period - Reto Berra enters game.
14:03 of 1st period - Ales Hemsky wins face-off versus Tyler Seguin in neutral zone.
14:10 of 1st period - Wrist shot by Scottie Upshall.
14:10 of 1st period - Stopped by Reto Berra without a rebound.
14:11 of 1st period - Tyler Seguin wins face-off versus Scottie Upshall in Kings zone.
14:28 of 1st period - Wrist shot by Mika Zibanejad.
14:28 of 1st period - Shot Misses the Net.
14:33 of 1st period - Wrist shot by Tyler Seguin.
14:33 of 1st period - Stopped by Thomas Greiss with a rebound.
14:35 of 1st period - Slapshot by Mika Zibanejad.
14:35 of 1st period - Deflect By Carl Soderberg.
14:35 of 1st period - Stopped by Thomas Greiss with a rebound.
14:37 of 1st period - Slapshot by Carl Soderberg.
14:37 of 1st period - Shot Misses the Net.
14:39 of 1st period - Snap shot by Mika Zibanejad.
14:39 of 1st period - Stopped by Thomas Greiss with a rebound.
14:41 of 1st period - Wrist shot by Mika Zibanejad.
14:41 of 1st period - Shot Blocked by Brad Hunt.
15:29 of 1st period - Snap shot by Paul Stastny.
15:29 of 1st period - Stopped by Reto Berra with a rebound.
15:31 of 1st period - Snap shot by Paul Stastny.
15:31 of 1st period - Stopped by Reto Berra without a rebound.
15:32 of 1st period - Andrew Miller wins face-off versus David Clarkson in Kings zone.
15:49 of 1st period - Snap shot by Milan Lucic.
15:49 of 1st period - Shot Misses the Net.
15:59 of 1st period - Snap shot by Milan Lucic.
15:59 of 1st period - Goal by Milan Lucic - Kings : 1 - Devils : 4.
16:00 of 1st period - Paul Stastny wins face-off versus Tyler Seguin in neutral zone.
16:13 of 1st period - Wrist shot by Drew Stafford.
16:13 of 1st period - Stopped by Reto Berra with a rebound.
16:15 of 1st period - Slapshot by Sergei Gonchar.
16:15 of 1st period - Stopped by Reto Berra with a rebound.
17:38 of 1st period - Snap shot by Evgeny Kuznetsov.
17:38 of 1st period - Shot Misses the Net.
17:40 of 1st period - Slapshot by Eric Brewer.
17:40 of 1st period - Deflect By Matt Irwin.
17:40 of 1st period - Stopped by Thomas Greiss without a rebound.
17:41 of 1st period - Andrew Miller wins face-off versus Shawn Horcoff in Devils zone.
17:46 of 1st period - Wrist shot by Jason Akeson.
17:46 of 1st period - Stopped by Reto Berra with a rebound.
18:02 of 1st period - Off-side.
18:03 of 1st period - Tyler Seguin wins face-off versus Paul Stastny in neutral zone.
19:05 of 1st period - Snap shot by Jori Lehtera.
19:05 of 1st period - Shot Blocked by Brad Hunt.
19:11 of 1st period - Jori Lehtera is hit by Sergei Gonchar and loses puck.
19:35 of 1st period - Wrist shot by Andrew Miller.
19:35 of 1st period - Shot Misses the Net.
19:37 of 1st period - Slapshot by Jason Akeson.
19:37 of 1st period - Stopped by Reto Berra with a rebound.
Goals for this period are 1 for Kings vs 4 for Devils.
Shots for this period are 6 for Kings vs 18 for Devils.

2nd period


0:01 of 2nd period - Paul Stastny wins face-off versus Tyler Seguin in neutral zone.
0:38 of 2nd period - Wrist shot by Paul Stastny.
0:38 of 2nd period - Stopped by Reto Berra without a rebound.
0:39 of 2nd period - Matt Cullen wins face-off versus David Clarkson in Kings zone.
0:50 of 2nd period - Wrist shot by Milan Lucic.
0:50 of 2nd period - Shot Misses the Net.
0:52 of 2nd period - Slapshot by Eric Brewer.
0:52 of 2nd period - Deflect By David Clarkson.
0:52 of 2nd period - Deflect By Sergei Gonchar.
0:52 of 2nd period - Shot Misses the Net.
0:52 of 2nd period - Puck is out of play.
0:53 of 2nd period - David Clarkson wins face-off versus Matt Cullen in Devils zone.
0:54 of 2nd period - Snap shot by Milan Lucic.
0:54 of 2nd period - Deflect By David Clarkson.
0:54 of 2nd period - Stopped by Thomas Greiss without a rebound.
0:55 of 2nd period - David Clarkson wins face-off versus Matt Cullen in Devils zone.
0:56 of 2nd period - Wrist shot by Milan Lucic.
0:56 of 2nd period - Deflect By David Clarkson.
0:56 of 2nd period - Shot Blocked by Sergei Gonchar.
0:56 of 2nd period - Puck is out of play.
0:57 of 2nd period - Matt Cullen wins face-off versus David Clarkson in Devils zone.
2:24 of 2nd period - Minor Penalty to Tyler Seguin for Hooking.
2:25 of 2nd period - Matt Cullen wins face-off versus Evgeny Kuznetsov in Kings zone.
2:32 of 2nd period - Slapshot by Brad Hunt.
2:32 of 2nd period - Shot Misses the Net.
2:34 of 2nd period - Slapshot by Brad Hunt.
2:34 of 2nd period - Goal by Brad Hunt - Kings : 1 - Devils : 5.
2:35 of 2nd period - Paul Stastny wins face-off versus Martin Erat in neutral zone.
3:04 of 2nd period - Snap shot by Tyler Seguin.
3:04 of 2nd period - Stopped by Thomas Greiss without a rebound.
3:05 of 2nd period - Andrew Miller wins face-off versus David Clarkson in Devils zone.
3:17 of 2nd period - Minor Penalty to Milan Lucic for Tripping.
3:18 of 2nd period - Paul Stastny wins face-off versus Mika Zibanejad in Kings zone.
3:44 of 2nd period - Slapshot by Drew Stafford.
3:44 of 2nd period - Shot Misses the Net.
3:56 of 2nd period - Snap shot by Tyler Seguin.
3:56 of 2nd period - Shot Blocked by Brad Hunt.
4:04 of 2nd period - Duncan Keith is hit by Drew Stafford and loses puck.
4:39 of 2nd period - Wrist shot by Sergei Gonchar.
4:39 of 2nd period - Stopped by Reto Berra without a rebound.
4:40 of 2nd period - Evgeny Kuznetsov wins face-off versus Matt Cullen in Kings zone.
5:17 of 2nd period - Penalty to Milan Lucic is over, Milan Lucic is back on ice.
5:36 of 2nd period - Eric Brewer is hit by Brendan Shinnimin and loses puck.
5:45 of 2nd period - Brendan Shinnimin is hit by Milan Lucic and loses puck.
8:30 of 2nd period - Icing by Duncan Keith.
8:31 of 2nd period - Nick Bjugstad wins face-off versus Matt Cullen in Kings zone.
8:49 of 2nd period - Scottie Upshall is hit by Stefan Elliott and loses puck.
9:04 of 2nd period - Wrist shot by Paul Stastny.
9:04 of 2nd period - Shot Misses the Net.
9:23 of 2nd period - Wrist shot by Drew Stafford.
9:23 of 2nd period - Shot Misses the Net.
9:25 of 2nd period - Wrist shot by Paul Stastny.
9:25 of 2nd period - Shot Blocked by Cam Fowler.
9:27 of 2nd period - Slapshot by Chris Wideman.
9:27 of 2nd period - Stopped by Reto Berra without a rebound.
9:28 of 2nd period - Shawn Horcoff wins face-off versus Brendan Shinnimin in Kings zone.
9:45 of 2nd period - Snap shot by Jori Lehtera.
9:45 of 2nd period - Goal by Jori Lehtera - Kings : 2 - Devils : 5.
9:46 of 2nd period - Shawn Horcoff wins face-off versus Paul Stastny in neutral zone.
9:59 of 2nd period - Slapshot by Duncan Keith.
9:59 of 2nd period - Shot Misses the Net.
10:01 of 2nd period - Slapshot by Duncan Keith.
10:01 of 2nd period - Stopped by Thomas Greiss without a rebound.
10:02 of 2nd period - Tyler Johnson wins face-off versus Shawn Horcoff in Devils zone.
10:51 of 2nd period - Matt Irwin is hit by Carl Soderberg and loses puck.
11:07 of 2nd period - Wrist shot by Scottie Upshall.
11:07 of 2nd period - Shot Misses the Net.
11:09 of 2nd period - Wrist shot by Matt Cullen.
11:09 of 2nd period - Goal by Matt Cullen - Kings : 2 - Devils : 6.
11:10 of 2nd period - Andrew Miller wins face-off versus David Clarkson in neutral zone.
11:27 of 2nd period - Wrist shot by Jason Akeson.
11:27 of 2nd period - Goal by Jason Akeson - Kings : 2 - Devils : 7.
11:28 of 2nd period - Tyler Seguin wins face-off versus Paul Stastny in neutral zone.
11:30 of 2nd period - Minor Penalty to Mika Zibanejad for Interference.
11:31 of 2nd period - Paul Stastny wins face-off versus Tyler Seguin in Kings zone.
11:55 of 2nd period - Wrist shot by Paul Stastny.
11:55 of 2nd period - Shot Blocked by Duncan Keith.
12:01 of 2nd period - Snap shot by Tyler Johnson.
12:01 of 2nd period - Shot Blocked by Evgeny Kuznetsov.
13:25 of 2nd period - Drew Stafford is hit by Stefan Elliott.
13:30 of 2nd period - Penalty to Mika Zibanejad is over, Mika Zibanejad is back on ice.
13:47 of 2nd period - Evgeny Kuznetsov is hit by Chris Wideman and loses puck.
13:54 of 2nd period - Slapshot by Brendan Shinnimin.
13:54 of 2nd period - Stopped by Reto Berra without a rebound.
13:55 of 2nd period - Shawn Horcoff wins face-off versus Zach Budish in Kings zone.
14:00 of 2nd period - Brendan Shinnimin is hit by Joe Morrow and loses puck.
14:23 of 2nd period - Snap shot by Tyler Seguin.
14:23 of 2nd period - Deflect By Mika Zibanejad.
14:23 of 2nd period - Shot Blocked by Brendan Shinnimin.
14:23 of 2nd period - Puck is out of play.
14:24 of 2nd period - Andrew Miller wins face-off versus Tyler Seguin in Devils zone.
14:43 of 2nd period - Snap shot by Mika Zibanejad.
14:43 of 2nd period - Shot Misses the Net.
15:07 of 2nd period - Slapshot by Milan Lucic.
15:07 of 2nd period - Stopped by Thomas Greiss with a rebound.
16:43 of 2nd period - Snap shot by Milan Lucic.
16:43 of 2nd period - Stopped by Thomas Greiss with a rebound.
16:45 of 2nd period - Snap shot by Brenden Morrow.
16:45 of 2nd period - Shot Misses the Net.
16:47 of 2nd period - Slapshot by Cam Fowler.
16:47 of 2nd period - Deflect By Paul Stastny.
16:47 of 2nd period - Stopped by Thomas Greiss with a rebound.
16:49 of 2nd period - Snap shot by Joe Morrow.
16:49 of 2nd period - Stopped by Thomas Greiss with a rebound.
16:51 of 2nd period - Snap shot by David Clarkson.
16:51 of 2nd period - Shot Misses the Net.
17:15 of 2nd period - Snap shot by Tyler Seguin.
17:15 of 2nd period - Shot Misses the Net.
17:29 of 2nd period - Sergei Gonchar is hit by Milan Lucic and loses puck.
17:34 of 2nd period - Snap shot by Duncan Keith.
17:34 of 2nd period - Shot Blocked by Brendan Shinnimin.
17:36 of 2nd period - Snap shot by Duncan Keith.
17:36 of 2nd period - Deflect By Sergei Gonchar.
17:36 of 2nd period - Stopped by Thomas Greiss with a rebound.
17:42 of 2nd period - Snap shot by Duncan Keith.
17:42 of 2nd period - Stopped by Thomas Greiss with a rebound.
17:58 of 2nd period - Slapshot by Mika Zibanejad.
17:58 of 2nd period - Shot Misses the Net.
18:00 of 2nd period - Snap shot by Nick Bjugstad.
18:00 of 2nd period - Shot Blocked by Brendan Shinnimin.
18:02 of 2nd period - Slapshot by Cam Fowler.
18:02 of 2nd period - Shot Blocked by Zach Budish.
18:04 of 2nd period - Slapshot by Joe Morrow.
18:04 of 2nd period - Stopped by Thomas Greiss with a rebound.
18:06 of 2nd period - Slapshot by Mika Zibanejad.
18:06 of 2nd period - Goal by Mika Zibanejad - Kings : 3 - Devils : 7.
18:07 of 2nd period - Tyler Seguin wins face-off versus Matt Cullen in neutral zone.
18:41 of 2nd period - Slapshot by Ales Hemsky.
18:41 of 2nd period - Stopped by Reto Berra with a rebound.
18:43 of 2nd period - Wrist shot by Ales Hemsky.
18:43 of 2nd period - Deflect By Scottie Upshall.
18:43 of 2nd period - Shot Misses the Net.
18:43 of 2nd period - Puck is out of play.
18:44 of 2nd period - Shawn Horcoff wins face-off versus Andrew Miller in Kings zone.
18:49 of 2nd period - David Warsofsky is hit by Jori Lehtera and loses puck.
18:50 of 2nd period - David Warsofsky from Devils is injured at 18:50 of 2nd period (Left Leg).
18:51 of 2nd period - Tyler Seguin wins face-off versus Paul Stastny in Devils zone.
19:06 of 2nd period - Snap shot by Mika Zibanejad.
19:06 of 2nd period - Stopped by Thomas Greiss with a rebound.
19:37 of 2nd period - Off-side.
19:38 of 2nd period - Matt Cullen wins face-off versus David Clarkson in neutral zone.
Goals for this period are 2 for Kings vs 3 for Devils.
Shots for this period are 13 for Kings vs 8 for Devils.

3rd period


0:01 of 3rd period - Tyler Seguin wins face-off versus Paul Stastny in neutral zone.
1:14 of 3rd period - Scottie Upshall is hit by Milan Lucic and loses puck.
1:23 of 3rd period - Slapshot by Sergei Gonchar.
1:23 of 3rd period - Shot Misses the Net.
1:47 of 3rd period - Wrist shot by Andrew Miller.
1:47 of 3rd period - Stopped by Reto Berra without a rebound.
1:48 of 3rd period - Brendan Shinnimin wins face-off versus Shawn Horcoff in Kings zone.
1:49 of 3rd period - Wrist shot by Matt Irwin.
1:49 of 3rd period - Goal by Matt Irwin - Kings : 3 - Devils : 8.
1:49 of 3rd period - Sergei Bobrovsky enters game.
1:50 of 3rd period - Paul Stastny wins face-off versus Tyler Seguin in neutral zone.
1:59 of 3rd period - Tyler Seguin is hit by Drew Stafford and loses puck.
2:17 of 3rd period - Minor Penalty to Eric Brewer for Cross-checking.
2:18 of 3rd period - Matt Cullen wins face-off versus Tyler Seguin in Kings zone.
2:31 of 3rd period - Off-side.
2:32 of 3rd period - Matt Cullen wins face-off versus Tyler Seguin in neutral zone.
2:41 of 3rd period - Snap shot by Brad Hunt.
2:41 of 3rd period - Stopped by Sergei Bobrovsky without a rebound.
2:42 of 3rd period - Tyler Seguin wins face-off versus Paul Stastny in Kings zone.
2:51 of 3rd period - Wrist shot by Paul Stastny.
2:51 of 3rd period - Shot Misses the Net.
3:41 of 3rd period - Slapshot by Duncan Keith.
3:41 of 3rd period - Shot Blocked by Zach Boychuk.
3:43 of 3rd period - Slapshot by Duncan Keith.
3:43 of 3rd period - Shot Blocked by Brad Hunt.
3:45 of 3rd period - Wrist shot by Duncan Keith.
3:45 of 3rd period - Stopped by Thomas Greiss with a rebound.
3:47 of 3rd period - Snap shot by Carl Soderberg.
3:47 of 3rd period - Shot Misses the Net.
3:49 of 3rd period - Wrist shot by Milan Lucic.
3:49 of 3rd period - Goal by Milan Lucic - Kings : 4 - Devils : 8.
3:50 of 3rd period - Matt Cullen wins face-off versus Tyler Seguin in neutral zone.
4:17 of 3rd period - Penalty to Eric Brewer is over, Eric Brewer is back on ice.
5:06 of 3rd period - Eric Brewer is hit by Chris Wideman and loses puck.
5:15 of 3rd period - Matt Irwin is hit by Jori Lehtera and loses puck.
5:49 of 3rd period - Snap shot by Tyler Seguin.
5:49 of 3rd period - Stopped by Thomas Greiss with a rebound.
5:51 of 3rd period - Slapshot by Cam Fowler.
5:51 of 3rd period - Deflect By Sergei Gonchar.
5:51 of 3rd period - Stopped by Thomas Greiss with a rebound.
5:53 of 3rd period - Slapshot by Cam Fowler.
5:53 of 3rd period - Stopped by Thomas Greiss with a rebound.
5:55 of 3rd period - Snap shot by Nick Bjugstad.
5:55 of 3rd period - Stopped by Thomas Greiss with a rebound.
7:03 of 3rd period - Sergei Gonchar is hit by Jori Lehtera.
8:53 of 3rd period - Tyler Johnson is hit by Tyler Seguin and loses puck.
9:14 of 3rd period - Slapshot by Matt Irwin.
9:14 of 3rd period - Stopped by Sergei Bobrovsky with a rebound.
9:24 of 3rd period - Minor Penalty to Chris Wideman for Hooking.
9:25 of 3rd period - Matt Cullen wins face-off versus Nick Bjugstad in Devils zone.
9:25 of 3rd period - Matt Cullen is hit by Eric Brewer.
11:24 of 3rd period - Penalty to Chris Wideman is over, Chris Wideman is back on ice.
11:37 of 3rd period - Snap shot by Evgeny Kuznetsov.
11:37 of 3rd period - Shot Misses the Net.
11:39 of 3rd period - Slapshot by Braydon Coburn.
11:39 of 3rd period - Shot Blocked by Tyler Johnson.
11:41 of 3rd period - Slapshot by Eric Brewer.
11:41 of 3rd period - Stopped by Thomas Greiss with a rebound.
12:04 of 3rd period - Brendan Shinnimin is hit by Braydon Coburn and loses puck.
12:17 of 3rd period - Slapshot by Ales Hemsky.
12:17 of 3rd period - Stopped by Sergei Bobrovsky without a rebound.
12:18 of 3rd period - Carl Soderberg wins face-off versus Andrew Miller in Kings zone.
12:55 of 3rd period - Duncan Keith is hit by Chris Bourque and loses puck.
13:06 of 3rd period - Snap shot by Ales Hemsky.
13:06 of 3rd period - Shot Blocked by Stefan Elliott.
13:08 of 3rd period - Slapshot by Ales Hemsky.
13:08 of 3rd period - Shot Misses the Net.
13:10 of 3rd period - Slapshot by Ales Hemsky.
13:10 of 3rd period - Shot Blocked by Nick Bjugstad.
13:38 of 3rd period - Snap shot by Shawn Horcoff.
13:38 of 3rd period - Shot Misses the Net.
13:51 of 3rd period - Icing by Shawn Horcoff.
13:52 of 3rd period - Andrew Miller wins face-off versus David Clarkson in Kings zone.
14:07 of 3rd period - Wrist shot by Andrew Miller.
14:07 of 3rd period - Stopped by Sergei Bobrovsky with a rebound.
14:31 of 3rd period - Jori Lehtera is hit by Chris Wideman and loses puck.
15:03 of 3rd period - Wrist shot by Mika Zibanejad.
15:03 of 3rd period - Deflect By Zach Boychuk.
15:03 of 3rd period - Stopped by Thomas Greiss with a rebound.
15:49 of 3rd period - Brad Hunt is hit by David Clarkson and loses puck.
15:54 of 3rd period - Snap shot by Milan Lucic.
15:54 of 3rd period - Shot Blocked by Scottie Upshall.
15:56 of 3rd period - Slapshot by Stefan Elliott.
15:56 of 3rd period - Deflect By David Clarkson.
15:56 of 3rd period - Stopped by Thomas Greiss without a rebound.
15:57 of 3rd period - Brendan Shinnimin wins face-off versus David Clarkson in Devils zone.
16:02 of 3rd period - Snap shot by Matt Irwin.
16:02 of 3rd period - Deflect By Chris Bourque.
16:02 of 3rd period - Deflect By David Clarkson.
16:02 of 3rd period - Stopped by Sergei Bobrovsky with a rebound.
16:08 of 3rd period - Slapshot by Matt Irwin.
16:08 of 3rd period - Stopped by Sergei Bobrovsky without a rebound.
16:09 of 3rd period - Zach Budish wins face-off versus Shawn Horcoff in Kings zone.
16:20 of 3rd period - Wrist shot by Brendan Shinnimin.
16:20 of 3rd period - Shot Misses the Net.
17:11 of 3rd period - Matt Cullen is hit by Mika Zibanejad.
17:20 of 3rd period - Icing by Sergei Gonchar.
17:21 of 3rd period - David Clarkson wins face-off versus Matt Cullen in Devils zone.
17:24 of 3rd period - Snap shot by Milan Lucic.
17:24 of 3rd period - Stopped by Thomas Greiss with a rebound.
18:14 of 3rd period - Snap shot by Chris Bourque.
18:14 of 3rd period - Shot Misses the Net.
18:18 of 3rd period - Snap shot by Zach Budish.
18:18 of 3rd period - Stopped by Sergei Bobrovsky with a rebound.
18:48 of 3rd period - Wrist shot by Paul Stastny.
18:48 of 3rd period - Stopped by Sergei Bobrovsky with a rebound.
18:50 of 3rd period - Slapshot by Sergei Gonchar.
18:50 of 3rd period - Shot Blocked by Stefan Elliott.
18:52 of 3rd period - Wrist shot by Drew Stafford.
18:52 of 3rd period - Shot Misses the Net.
19:04 of 3rd period - Snap shot by Ales Hemsky.
19:04 of 3rd period - Shot Misses the Net.
19:06 of 3rd period - Wrist shot by Matt Cullen.
19:06 of 3rd period - Stopped by Sergei Bobrovsky with a rebound.
19:39 of 3rd period - Shawn Horcoff is hit by Brendan Shinnimin and loses puck.
19:46 of 3rd period - Slapshot by Joe Morrow.
19:46 of 3rd period - Stopped by Thomas Greiss with a rebound.
Goals for this period are 1 for Kings vs 1 for Devils.
Shots for this period are 11 for Kings vs 11 for Devils.